 Dungeon Crawl Stone Soup version 0.29.0-13-gc9e81de378 (webtiles) character file.

Game seed: 11872466137207574135

1845 Ofeo the Digger (level 9, -7/67 (69) HPs)
             Began as a Meteoran Earth Elementalist on Sept 10, 2022.
             Was an Initiate of Ashenzari.
             Mangled by a wight
             ... wielding a +3 morningstar
              (8 damage)
             ... on level 8 of the Dungeon.
             The game lasted 00:17:00 (1229 turns).

Ofeo the Digger (Meteoran Earth Elementalist)       Turns: 1229, Time: 00:17:01

HP:   -7/67 (69)    AC:  7    Str: 10    XL:     9   Next: 59%
MP:   8/18          EV: 15    Int: 20    God:    Ashenzari [......]
Gold: 78            SH:  0    Dex: 16    Spells: 7/19 levels left

rFire   + . .      SeeInvis .   e - staff of death
rCold   + . .      Faith    .   (no shield)
rNeg    + . .      Spirit   .   o - +2 robe {rC+ rF+}
rPois   .          Reflect  .   (no helmet)
rElec   .          Harm     .   (no cloak)
rCorr   .          Rampage  .   p - +1 pair of gloves
Will    +....                   b - +0 pair of boots of Apeoromancy {Comp, Evo} (curse)
Stlth   +.........              (no amulet)
HPRegen 0.21/turn               (no ring)
MPRegen 0.16/turn               (no ring)

@: on blink cooldown, hasted, glowing, lightly drained, very quick
A: sense surroundings 2, otherworldly, glowing, explore regen, mutation
resistance 1
a: Renounce Religion, Shatter the Chains


You were on level 8 of the Dungeon.
You worshipped Ashenzari.
Ashenzari was noncommittal.
You visited 2 branches of the dungeon, and saw 9 of its levels.

You collected 78 gold pieces.

Inventory:

Armour
 a - a +0 robe
 b - the cursed +0 pair of boots of Apeoromancy (worn) {Comp, Evo}
   (You found it on level 4 of the Dungeon)

   It has a curse which improves the following skills: Companions: Summonings
   and Necromancy.
   Evocations: Evocations.
 o - a +2 robe of resistance (worn)
 p - a +1 pair of gloves (worn)
Magical Staves
 e - a staff of death (weapon)
 k - a staff of cold
Wands
 c - a wand of iceblast (4) {@v4}
 j - a wand of polymorph (9)
Scrolls
 f - a scroll of amnesia
Potions
 m - a potion of might {@q4}
 q - a potion of curing {@q1}


   Skills:
 + Level 3.1 Fighting
 + Level 5.7 Dodging
 + Level 3.9 Stealth
 + Level 5.9 Spellcasting
 + Level 3.6 Conjurations
 + Level 3.6 Translocations
 + Level 5.4 Transmutations
 + Level 6.5 Earth Magic


You had 7 spell levels left.
You knew the following spells:

 Your Spells              Type           Power      Damage    Failure   Level
a - Sandblast             Erth           62%        2d14      1%          1
b - Passwall              Tmut/Erth      24%        N/A       1%          2
c - Stone Arrow           Conj/Erth      52%        3d10      4%          3
d - Petrify               Tmut/Erth      29%        N/A       9%          4
e - Blink                 Tloc           40%        N/A       3%          2

Your spell library contained the following spells:

 Spells                   Type           Power      Damage    Failure   Level
 Static Discharge         Conj/Air       13%        3-5/arc   8%          2
 Inner Flame              Hex/Fire       5%         N/A       32%         3
 Sticky Flame             Conj/Fire      13%        2d4       45%         4
 Manifold Assault         Tloc           20%        N/A       54%         5
 Cause Fear               Hex            2%         N/A       71%         4
 Dispel Undead            Necr           9%         3d8       71%         4
 Storm Form               Tmut/Air       8%         N/A       100%        7
 Discord                  Hex            2%         N/A       100%        8


Dungeon Overview and Level Annotations

Branches:
Dungeon (8/15) Zot: 3520   Temple (1/1) D:5 Zot: 583    Lair (0/5) D:8

Altars:
Ashenzari
Fedhas
Kikubaaqudgha
Trog
Uskayaw
Zin
The Shining One

Shops:
D:4 (   D:8 =


Innate Abilities, Weirdness & Mutations

You passively map the area around you.
You are easily found by Zot.
You glow in the dark.
You regain HP and MP as you explore.
You are somewhat resistant to further mutation.


Message History

You are very lightly contaminated with residual magic.
Nothing appears to happen.
The death yak barely misses you.
You now have 4/18 mp.
Casting: Stone Arrow (dangerous; 4% risk of failure)
Confirm with . or Enter, or press ? or * to list all spells.
Aiming: Stone Arrow (dangerous; 4% risk of failure)
Press: ? - help, Shift-Dir - straight line, f/p - death yak
Aim: a death yak (moderately wounded, 90% to hit)
The stone arrow hits the death yak!
The death yak is heavily wounded.
The death yak completely misses you.
You now have 1/18 mp.
Okay, then.
The death yak attacks as you move away! The death yak gores you!
You take 8 damage, and have 57/69 hp.
The death yak attacks as you move away! The death yak gores you!!
You take 19 damage, and have 38/69 hp.
MASSIVE DAMAGE!!
Your magical contamination has completely faded away. 3 wights come into view.
Found a scroll labelled KUHUUXTETOFF.
You regained 4 hp, and now have 43/69 hp.
You regained 3 mp, and now have 5/18 mp.
Casting: Stone Arrow (dangerous; 4% risk of failure)
Confirm with . or Enter, or press ? or * to list all spells.
You blink.
The wight hits you with a +4 flail! You partially resist.
You feel drained.
You take 8 damage, and have 35/68 hp.
You regained 2 mp, and now have 7/18 mp.
Okay, then.
You feel yourself speed up. The wight closely misses you.
The wight hits you with a +3 flail! You partially resist.
You feel drained.
The wight hits you with a +3 morningstar!
* * * LOW HITPOINT WARNING * * *
You take 24 damage, and have 11/67 hp.
MASSIVE DAMAGE!!
The wight misses you. The wight hits you with a +3 flail!
* * * LOW HITPOINT WARNING * * *
The wight hits you with a +3 morningstar!
You die...

#. ..#, , ,, , #
#.##..#, .......... ,
#.#..†.Y#, #.........
, #.#..##.#
##........, * *
#.......#.#.......# ,
###.......#.......# **
##.######.?.....# *, ,
##.#.## #.......# **
,, #...#.###.z@z...# ,
,,*, #....#.##...z...#
* ,**
#.....#*#....Y..# **
####.#########.## #* ,
#.#...#......# .# >, *
##.....####..##.##..,
#..∩..#..#.........
##.....##......####.**
#.#...#.####.#......*


You could see a death yak and 3 wights.

Vanquished Creatures
  A troll (D:8)
  A steam dragon (D:6)
  A sky beast (D:8)
  2 ice beasts (D:6)
  A centaur (D:5)
  2 bullfrogs
  2 scorpions (D:6)
  2 necrophages
  3 wights (D:6)
  3 killer bees (D:7)
  3 howler monkeys
  A quasit (D:7)
  2 hounds (D:6)
  A gnoll bouda (D:5)
  An orc wizard (D:6)
  An iguana (D:6)
  11 gnolls
  5 adders
  A white imp (D:5)
  2 ufetubi
  3 worms (D:4)
  2 dart slugs (D:4)
  2 orcs
  2 ball pythons (D:4)
  3 bats
  3 endoplasms
  A giant cockroach (D:3)
  3 goblins
  A quokka (D:4)
  A frilled lizard (D:3)
  3 kobolds
  2 rats (D:2)
72 creatures vanquished.

Notes
Turn   | Place    | Note
-------+----------+-------------------------------------------
     0 | D:1      | Ofeo the Meteoran Earth Elementalist began the quest for
                  | the Orb.
     0 | D:1      | Reached XP level 1. HP: 14/14 MP: 5/5
   106 | D:1      | Reached XP level 2. HP: 20/20 MP: 3/6
   115 | D:2      | Reached XP level 3. HP: 26/26 MP: 1/8
   140 | D:2      | Reached skill level 4 in Earth Magic
   159 | D:2      | Learned a level 2 spell: Passwall
   166 | D:2      | Reached XP level 4. HP: 22/33 MP: 7/9
   232 | D:5      | Entered Level 5 of the Dungeon
   240 | D:4      | Found Bimizxuk's Weapon Shoppe.
   389 | D:4      | Noticed a necrophage
   403 | D:4      | Killed a necrophage
   404 | D:4      | Reached XP level 5. HP: 38/38 MP: 6/11
   408 | D:4      | Learned a level 3 spell: Stone Arrow
   413 | D:4      | Learned a level 4 spell: Petrify
   436 | D:4      | Reached XP level 6. HP: 22/45 MP: 1/12
   492 | D:5      | Noticed a centaur
   495 | D:5      | Killed a centaur
   500 | D:5      | Reached XP level 7. HP: 4/50 MP: 2/14
   500 | D:5      | Gained mutation: You are somewhat resistant to further
                  | mutation. [potion of mutation]
   512 | D:5      | Reached skill level 5 in Earth Magic
   514 | D:5      | Found a staircase to the Ecumenical Temple.
   525 | Temple   | Entered the Ecumenical Temple
   533 | Temple   | Became a worshipper of Ashenzari the Shackled
   579 | D:5      | HP: 2/50 [gnoll/+0 halberd[a gnoll bouda] (13)]
   595 | D:5      | Found an ancient bone altar of Kikubaaqudgha.
   629 | D:5      | Learned a level 2 spell: Blink
   655 | D:6      | Reached skill level 1 in Translocations
   682 | D:7      | Reached skill level 1 in Conjurations
   698 | D:6      | Reached skill level 1 in Fighting
   698 | D:6      | Reached XP level 8. HP: 59/59 MP: 7/16
   814 | D:6      | Reached skill level 5 in Spellcasting
   865 | D:6      | Noticed a steam dragon
   870 | D:6      | Killed a steam dragon
   906 | D:6      | Reached skill level 5 in Dodging
   971 | D:6      | Gained mutation: You passively map the area around you.
                  | [Meteoran growth]
   971 | D:6      | Reached XP level 9. HP: 63/68 MP: 8/18
  1007 | D:6      | Reached skill level 6 in Earth Magic
  1017 | D:6      | Reached skill level 5 in Transmutations
  1168 | D:8      | Found Rutsagh's One-of-a-Kind Rings.
  1195 | D:8      | Noticed a troll
  1198 | D:8      | Noticed a death yak
  1199 | D:8      | Killed a troll
  1229 | D:8      | HP: 1/67 [wight/+3 flail (12)]
  1229 | D:8      | Mangled by a wight

Illustrated notes

Levels and vault maps discovered:
D:1:      dpeg_arrival_oval, layout_basic, hellmonk_ecumenical_altar_zigzags
D:2:      layout_rooms, due_unseen_surprise
D:3:      layout_basic, mainiacjoe_overflow_chevrons
D:4:      layout_loops_cross, lemuel_round_altar, serial_shops,
          nicolae_shop_crystal
D:5:      layout_rooms, mainiacjoe_overflow_catwalk,
          minmay_temple_entry_large_hall, minmay_manual_moon,
          uniq_prince_ribbit1
D:6:      minmay_skewed_foursquare, layout_loops_cross, uniq_pikel
D:7:      layout_basic, okawaru_trees_2, serial_demonic, serial_demonic_d,
          serial_demonic_d, serial_demonic_e, serial_demonic_a,
          mrwooster_statue_mirror, amcnicky_altar_lugonu_corruption
D:8:      layout_loops_cross, dpeg_lair_monsters, nicolae_hexahallways,
          nicolae_shop_unique_rings, minmay_misc_feat_x
Temple:   nicolae_temple_bog_church

Skill      XL: |  1  2  3  4  5  6  7  8  9 |
---------------+----------------------------+-----
Spellcasting   | 3 4 5 |  5.9
Transmutations | 2 3 4 5 |  5.4
Earth Magic    | 4 5 6 |  6.5
Dodging        | 3 4 5 |  5.7
Stealth        | 2 3 |  3.9
Translocations | 1 2 3 |  3.6
Conjurations   | 1 2 3 |  3.6
Fighting       | 1 2 3 |  3.1

Action                   |  1- 3 |  4- 6 |  7- 9 || total
-------------------------+-------+-------+-------++-------
Melee: Staff             |       |     1 |     1 ||     2
 Cast: Sandblast         |    21 |    45 |    65 ||   131
       Passwall          |       |     3 |       ||     3
       Stone Arrow       |       |     2 |    26 ||    28
       Blink             |       |       |     3 ||     3
Invok: Curse Item        |       |       |     1 ||     1
  Use: Potion            |     1 |     1 |     7 ||     9
       Scroll            |       |       |     9 ||     9
Armor: Robe              |     4 |     9 |    21 ||    34
Dodge: Dodged            |    12 |    17 |    53 ||    82
